General information
- name: BNet
- type: Ladder team game (AT/RT)
- host: Battle.net
- saver: Boudinage
map: GoldRush
- players: 8
- length: 25:35
- speed: Fast
- version: 1.24 W3XP
- replay type: Public
» download(130 KB)
Players
team 1 (winner)

»
Boudinage (
purple | 74 APM | 1905 actions | 25:35)
8 Naga Sea Witch
3 Frost Arrows
3 Mana Shield
1 Tornado
1 Forked Lightning
1 Goblin Tinker
1 Pocket Factory
» actions
| Assign group hotkey | 92 | |
| Basic commands | 95 | |
| Build / train | 75 | |
| ESC pressed | 1 | |
| Enter build submenu | 32 | |
| Enter hero's abilities submenu | 9 | |
| Right click | 529 | |
| Select / deselect | 384 | |
| Select group hotkey | 603 | |
| Use ability | 84 | |
1905 total
» units
| Peasant | 22 | |
| Footman | 5 | |
| Priest | 4 | |
| Knight | 5 | |
| Sorceress | 5 | |
| Spell Breaker | 2 | |
43 total
» upgrades
| Lumber Harvesting | 1 | |
| Plating | 3 | |
| Priest Training | 2 | |
| Animal War Training | 1 | |
| Sorceress Training | 2 | |
| Magic Sentry | 1 | |
| Swords | 3 | |
| Masonry | 2 | |
| Barrage | 1 | |
16 total
» buildings
| Altar of Kings | 1 | |
| Farm | 13 | |
| Barracks | 2 | |
| Scout Tower | 2 | |
| Arcane Tower | 2 | |
| Town Hall | 4 | |
| Keep | 1 | |
| Lumber Mill | 2 | |
| Blacksmith | 1 | |
| Arcane Vault | 1 | |
| Castle | 1 | |
| Arcane Sanctum | 2 | |
| Workshop | 3 | |
35 total
» build order
00:07 Altar of Kings
00:26 Farm
00:41 Barracks
00:58 Farm
01:31 Scout Tower
01:55 Scout Tower
02:08 Arcane Tower
02:40 Arcane Tower
03:01 Farm
04:09 Town Hall
04:25 Keep
05:01 Farm
05:22 Lumber Mill
05:25 Blacksmith
06:11 Arcane Vault
06:55 Castle
06:59 Arcane Sanctum
07:01 Arcane Sanctum
08:25 Farm
08:26 Farm
09:16 Barracks
09:17 Farm
10:13 Farm
10:38 Farm
12:02 Farm
12:03 Farm
12:10 Town Hall
12:50 Lumber Mill
15:50 Farm
18:01 Town Hall
19:13 Workshop
19:16 Workshop
19:18 Workshop
23:07 Town Hall
24:26 Farm
» items
kokinson (
green | 134 APM | 3427 actions | 25:33)
10 Death Knight
3 Death Coil
3 Unholy Aura
1 Animate Dead
3 Death Pact
1 Lich
1 Frost Nova
» actions
| Assign group hotkey | 29 | |
| Basic commands | 4 | |
| Build / train | 69 | |
| Enter build submenu | 23 | |
| Enter hero's abilities submenu | 10 | |
| Give item / drop item | 2 | |
| Right click | 1169 | |
| Select / deselect | 166 | |
| Select group hotkey | 1892 | |
| Use ability | 63 | |
3427 total
» units
| Acolyte | 12 | |
| Ghoul | 4 | |
| Gargoyle | 7 | |
| Frost Wyrm | 15 | |
38 total
» upgrades
» buildings
| Ziggurat | 8 | |
| Altar of Darkness | 1 | |
| Crypt | 1 | |
| Graveyard | 1 | |
| Tomb of Relics | 1 | |
| Nerubian Tower | 6 | |
| Halls of the Dead | 1 | |
| Spirit Tower | 3 | |
| Black Citadel | 2 | |
| Sacrificial Pit | 1 | |
| Boneyard | 2 | |
| Necropolis | 2 | |
29 total
» build order
00:09 Ziggurat
00:11 Altar of Darkness
00:36 Crypt
01:02 Graveyard
01:17 Tomb of Relics
01:32 Ziggurat
01:43 Nerubian Tower
01:43 Nerubian Tower
01:44 Nerubian Tower
03:38 Halls of the Dead
04:00 Spirit Tower
04:06 Ziggurat
05:03 Ziggurat
05:06 Nerubian Tower
06:00 Black Citadel
06:00 Black Citadel
06:04 Sacrificial Pit
06:57 Ziggurat
08:28 Boneyard
08:31 Boneyard
08:37 Spirit Tower
10:35 Necropolis
10:51 Ziggurat
14:40 Spirit Tower
14:44 Ziggurat
14:45 Ziggurat
16:24 Nerubian Tower
24:36 Necropolis
» items
| Rod of Necromancy | 1 | |
| Staff of Teleportation | 1 | |
| Scroll of Regeneration | 2 | |
| Scroll of Healing | 1 | |
5 total
DamianII (
red | 22 APM | 562 actions | 25:33)
2 Demon Hunter
1 Immolation
1 Evasion
2 Goblin Alchemist
1 Acid Bomb
1 Chemical Rage
» actions
| Basic commands | 15 | |
| Build / train | 53 | |
| Enter build submenu | 13 | |
| Enter hero's abilities submenu | 5 | |
| Remove unit from queue | 2 | |
| Right click | 295 | |
| Select / deselect | 152 | |
| Use ability | 27 | |
562 total
» units
| Wisp | 8 | |
| Archer | 18 | |
| Forest Troll Shadow Priest | 1 | |
| Forest Troll Berserker | 1 | |
| Huntress | 10 | |
| Mountain Giant | 5 | |
43 total
» upgrades
» buildings
| Altar of Elders | 1 | |
| Moon Well | 9 | |
| Ancient of War | 1 | |
| Ancient of Wonders | 1 | |
| Tree of Ages | 1 | |
| Hunter's Hall | 1 | |
| Ancient of Lore | 1 | |
| Tree of Life | 1 | |
16 total
» build order
00:09 Altar of Elders
00:12 Moon Well
00:39 Ancient of War
03:27 Ancient of Wonders
04:34 Moon Well
04:34 Moon Well
05:08 Tree of Ages
05:47 Moon Well
07:02 Hunter's Hall
08:24 Ancient of Lore
10:08 Moon Well
10:10 Moon Well
10:11 Moon Well
11:57 Tree of Life
20:44 Moon Well
23:01 Moon Well
dragor (
orange | 0 APM | 3 actions | 25:33)
team 2 (loser)

»
SEMOULE2 (
teal | 42 APM | 769 actions | 18:12)
5 Tauren Chieftain
2 War Stomp
3 Endurance Aura
» actions
| Assign group hotkey | 13 | |
| Build / train | 66 | |
| Enter build submenu | 18 | |
| Enter hero's abilities submenu | 5 | |
| Give item / drop item | 2 | |
| Remove unit from queue | 2 | |
| Right click | 186 | |
| Select / deselect | 151 | |
| Select group hotkey | 284 | |
| Use ability | 42 | |
769 total
» units
| Peon | 19 | |
| Troll Headhunter/Berserker | 14 | |
| Shaman | 7 | |
40 total
» upgrades
| Ranged Weapons | 3 | |
| Armor | 3 | |
| Spiked Barricades | 2 | |
| Troll Regeneration | 1 | |
| Shaman Training | 2 | |
| Berserker Upgrade | 1 | |
12 total
» buildings
| Orc Burrow | 7 | |
| Altar of Storms | 1 | |
| War Mill | 1 | |
| Barracks | 1 | |
| Voodoo Lounge | 1 | |
| Stronghold | 1 | |
| Fortress | 1 | |
| Spirit Lodge | 1 | |
| Watch Tower | 6 | |
20 total
» build order
00:25 Orc Burrow
00:34 Altar of Storms
01:26 War Mill
01:49 Barracks
02:14 Orc Burrow
03:10 Voodoo Lounge
05:09 Stronghold
05:23 Orc Burrow
07:43 Fortress
07:55 Spirit Lodge
08:57 Orc Burrow
10:07 Orc Burrow
10:40 Watch Tower
10:49 Watch Tower
13:13 Watch Tower
13:19 Watch Tower
13:26 Orc Burrow
13:31 Orc Burrow
15:29 Watch Tower
16:50 Watch Tower
» items
| Orb of Lightning | 1 | |
| Healing Salve | 1 | |
| Lesser Clarity Potion | 1 | |
| Tiny Great Hall | 1 | |
4 total
Gutibaraka69 (
blue | 17 APM | 442 actions | 25:32)
4 Blademaster
2 Mirror Image
2 Wind Walk
2 Shadow Hunter
1 Healing Wave
1 Serpent Ward
» actions
| Build / train | 63 | |
| Enter build submenu | 15 | |
| Enter hero's abilities submenu | 6 | |
| Give item / drop item | 1 | |
| Right click | 159 | |
| Select / deselect | 171 | |
| Use ability | 27 | |
442 total
» units
| Peon | 7 | |
| Wind Rider | 26 | |
| Frost Wyrm | 5 | |
38 total
» upgrades
| Ranged Weapons | 3 | |
| Armor | 3 | |
| Envenomed Spears | 1 | |
| Creature Attack | 1 | |
| Creature Carapace | 1 | |
9 total
» buildings
| Orc Burrow | 5 | |
| Altar of Storms | 1 | |
| War Mill | 1 | |
| Stronghold | 1 | |
| Beastiary | 3 | |
| Great Hall | 1 | |
| Fortress | 1 | |
| Ziggurat | 1 | |
| Scout Tower | 2 | |
| Spirit Tower | 1 | |
| Arcane Tower | 2 | |
19 total
» build order
00:10 Orc Burrow
00:15 Altar of Storms
01:18 War Mill
01:37 Orc Burrow
02:15 Stronghold
03:18 Orc Burrow
04:43 Beastiary
04:52 Beastiary
07:19 Great Hall
07:43 Orc Burrow
13:43 Orc Burrow
15:23 Fortress
18:25 Beastiary
22:03 Ziggurat
22:35 Scout Tower
23:36 Spirit Tower
24:10 Arcane Tower
24:18 Scout Tower
25:16 Arcane Tower
» items
| Scroll of Town Portal | 1 | |
| Scroll of Regeneration | 2 | |
3 total
chiodos. (
pink | 20 APM | 414 actions | 20:16)
4 Crypt Lord
2 Carrion Beetles
2 Spiked Carapace
» actions
| Build / train | 43 | |
| Enter build submenu | 19 | |
| Enter hero's abilities submenu | 5 | |
| Right click | 175 | |
| Select / deselect | 147 | |
| Use ability | 25 | |
414 total
» units
| Acolyte | 3 | |
| Ghoul | 5 | |
| Crypt Fiend | 12 | |
| Frost Wyrm | 1 | |
21 total
» upgrades
| Web | 1 | |
| Backpack | 1 | |
| Freezing Breath | 1 | |
3 total
» buildings
| Altar of Darkness | 1 | |
| Ziggurat | 9 | |
| Crypt | 1 | |
| Graveyard | 1 | |
| Halls of the Dead | 1 | |
| Black Citadel | 1 | |
| Sacrificial Pit | 1 | |
| Tomb of Relics | 1 | |
| Spirit Tower | 9 | |
| Boneyard | 3 | |
28 total
» build order
00:10 Altar of Darkness
00:16 Ziggurat
00:31 Crypt
01:24 Ziggurat
01:34 Graveyard
03:23 Ziggurat
04:00 Halls of the Dead
05:48 Ziggurat
06:14 Ziggurat
08:40 Black Citadel
08:46 Ziggurat
08:50 Ziggurat
08:53 Ziggurat
09:00 Ziggurat
09:10 Sacrificial Pit
09:17 Tomb of Relics
10:24 Spirit Tower
10:26 Spirit Tower
10:28 Spirit Tower
10:30 Spirit Tower
10:32 Spirit Tower
10:37 Spirit Tower
10:40 Spirit Tower
10:42 Spirit Tower
10:44 Spirit Tower
12:20 Boneyard
12:31 Boneyard
12:36 Boneyard
» items
| Scroll of Town Portal | 1 | |
| Potion of Healing | 1 | |
| Orb of Corruption | 1 | |
3 total
Patrykos (
yellow | 24 APM | 502 actions | 21:21)
3 Archmage
2 Summon Water Elemental
1 Blizzard
1 Blood Mage
1 Flame Strike
» actions
| Build / train | 47 | |
| Enter build submenu | 27 | |
| Enter hero's abilities submenu | 4 | |
| Right click | 193 | |
| Select / deselect | 197 | |
| Use ability | 34 | |
502 total
» units
| Peasant | 15 | |
| Footman | 4 | |
| Rifleman | 12 | |
| Gryphon Rider | 5 | |
36 total
» buildings
| Altar of Kings | 1 | |
| Farm | 7 | |
| Barracks | 2 | |
| Town Hall | 1 | |
| Blacksmith | 1 | |
| Arcane Vault | 1 | |
| Lumber Mill | 2 | |
| Scout Tower | 5 | |
| Guard Tower | 3 | |
| Keep | 1 | |
| Workshop | 1 | |
| Arcane Sanctum | 1 | |
| Gryphon Aviary | 2 | |
| Castle | 1 | |
| War Mill | 1 | |
30 total
» build order
00:09 Altar of Kings
00:33 Farm
01:39 Barracks
01:41 Farm
02:19 Farm
03:05 Farm
03:23 Farm
04:52 Town Hall
05:13 Blacksmith
06:27 Barracks
06:32 Arcane Vault
07:24 Lumber Mill
09:14 Scout Tower
09:18 Scout Tower
10:08 Guard Tower
10:21 Keep
11:53 Scout Tower
11:57 Scout Tower
13:24 Guard Tower
13:30 Workshop
13:35 Arcane Sanctum
13:57 Lumber Mill
15:16 Gryphon Aviary
15:20 Gryphon Aviary
16:50 Castle
17:01 Scout Tower
17:42 Guard Tower
19:34 Farm
19:41 Farm
20:49 War Mill
Chat log
(00:33 / Allies) Boudinage: evacuate the dancefloor
(00:45 / All) Boudinage: stop this beat is killing me
(00:47 / Allies) DamianII: hola
(01:26 / Allies) Boudinage: tk and take his goldmine
(01:57 / Allies) Boudinage: no shit
(02:00 / Allies) DamianII: nob
(02:14 / Allies) Boudinage: pinging isnt going to help
(02:39 / Allies) DamianII: im win
(03:59 / Allies) DamianII: stopp ¿
(04:15 / Allies) Boudinage: leave wisps
(05:17 / Allies) Boudinage: knights casters
(05:22 / Allies) DamianII: go ¿
(06:09 / Allies) DamianII: green stop
(06:18 / Allies) DamianII: go
(07:13 / Allies) DamianII: im make gigants of the mountain
(07:15 / Allies) DamianII: your
(07:19 / Allies) DamianII: purple
(07:25 / Allies) DamianII: make a air plese ¿
(07:41 / Allies) kokinson: yes air
(07:47 / Allies) DamianII: ok
(07:50 / Allies) DamianII: dragons ¿
(07:59 / Allies) DamianII: no nooooo
(08:42 / Allies) kokinson: gold piz
(08:50 / Allies) DamianII: eh
(08:50 / Allies) DamianII: eh
(10:37 / Allies) DamianII: im take a mine XD
(10:51 / Allies) DamianII: please help purple
(11:08 / Allies) Boudinage: u can take that
(12:59 / Allies) DamianII: wood plese
(13:00 / Allies) DamianII: :D
(13:09 / Allies) DamianII: thanks :D
(14:30 / Allies) DamianII: go
(14:31 / Allies) DamianII: ok
(15:28 / Allies) DamianII: green go
(16:50 / Allies) Boudinage: go
(19:12 / Allies) DamianII: go
(19:28 / Allies) Boudinage: wait
(19:49 / Allies) Boudinage: b
(20:41 / All) Boudinage: lol 3v4
(20:53 / Allies) DamianII: yes
(21:03 / Allies) DamianII: we expert :D
(21:07 / Allies) Boudinage: nice work all
(21:22 / Allies) kokinson: 3 vse 4
(21:44 / All) kokinson: 3 vse 4
(21:53 / Allies) DamianII: stop a moment
(22:45 / Allies) DamianII: stop a moment pliz